 Dungeon Crawl Stone Soup version 0.30.0-10-gfe55d96785 (webtiles) character file.

Game seed: 9864854727910764124

4610 qw the Cleaver (level 10, -2/63 HPs)
             Began as a Gargoyle Fighter on May 13, 2023.
             Slain by a yak (7 damage)
             ... on level 9 of the Dungeon.
             The game lasted 00:04:28 (7729 turns).

qw the Cleaver (Gargoyle Fighter)                   Turns: 7729, Time: 00:04:28

Health: -2/63      AC: 20    Str: 23    XL:     10   Next: 42%
Magic:  0/10       EV:  8    Int: 10    God:
Gold:   494        SH: 10    Dex:  9    Spells: 9/9 levels left

rFire   + . .        Y - +0 war axe
rCold   . . .        w - +0 kite shield
rNeg    + . .        e - +0 chain mail
rPois   inf          s - +0 helmet
rElec   +            r - +0 cloak
rCorr   .            p - +0 pair of gloves
SInv    .            (no boots)
Will    .....        o - amulet of guardian spirit Stlth
                     q - ring of protection from fire
HPRegen 0.30/turn    (no ring)
MPRegen 0.12/turn

%: clarity, guardian spirit
@: about to teleport
A: sickness immunity, AC +7, negative energy resistance 1, electricity
resistance, torment resistance 1, petrification resistance, clarity
a: no special abilities


You were on level 9 of the Dungeon.
You visited 2 branches of the dungeon, and saw 10 of its levels.
You also visited: Ossuary.

You collected 494 gold pieces.


Innate Abilities, Weirdness & Mutations

You are immune to sickness and miasma.
Your stone body is resilient. (AC +7)
You are immune to poison.
You resist negative energy. (rN+)
You are resistant to electric shocks. (rElec)
You are resistant to unholy torment.
You are immune to petrification.
You possess an exceptional clarity of mind.


   Skills:
 - Level 7.0 Fighting
 + Level 9.3 Axes
 - Level 2.1 Throwing
 - Level 5.3 Armour
 - Level 2.9 Dodging
 - Level 9.0 Shields


You had 9 spell levels left.
You didn't know any spells.
Your spell library was empty.

Inventory:

Hand Weapons
 b - a +3 flail of freezing
 Y - a +0 war axe (weapon)
Armour
 e - a +0 chain mail (worn)
 p - a +0 pair of gloves (worn)
 r - a +0 cloak (worn)
 s - a +0 helmet (worn)
 w - a +0 kite shield (worn)
Jewellery
 g - a ring of fire
 o - an amulet of guardian spirit (around neck)
 q - a ring of protection from fire (left hand)
Scrolls
 a - a scroll of identify
 c - 4 scrolls of teleportation
Potions
 d - 3 potions of might
 h - a potion of heal wounds
 k - 4 potions of haste
 l - 2 potions of lignification
 m - 2 potions of attraction
 n - a potion of curing
 z - 2 potions of resistance

Dungeon Overview and Level Annotations

Branches:
Dungeon (9/15)             Temple (1/1) D:6         Ossuary (visited)
   Lair: D:8-11         Orc: D:9-12

Altars:
Ashenzari
Cheibriados
Dithmenos
Elyvilon
Fedhas
Kikubaaqudgha
Makhleb
Nemelex Xobeh
Okawaru
Ru
Trog
Uskayaw
Vehumet
Wu Jian
Xom
Yredelemnul
The Shining One


Message History

The yak gores you but does no damage. The yak gores you!
The yak gores you but does no damage.
You hit the yak.
The yak is heavily wounded.
You closely miss the yak. You slash the yak! x3
The yak closely misses you. You block the yak's attack.
The yak closely misses you. The yak barely misses you. The yak gores you.
You hit the yak but do no damage.
The yak is heavily wounded.
You hit the yak but do no damage. You barely miss the yak.
You hit the yak but do no damage. x2
You block the yak's attack. x3; The yak gores you but does no damage.
The yak closely misses you.
You slash the yak!
The yak is severely wounded.
You slash the yak! You hit the yak but do no damage. You slash the yak!
You barely miss the yak. You block the yak's attack.
The yak gores you but does no damage. The yak gores you. x3
You hit the yak but do no damage.
The yak is severely wounded.
You barely miss the yak. You hit the yak. You hit the yak but do no damage. x2
The yak gores you but does no damage. x3; You block the yak's attack.
The yak gores you but does no damage.
You hit the yak.
The yak is severely wounded.
You barely miss the yak. x2; You slash the yak! x2
You kill the yak!
The yak closely misses you. The yak gores you!
The yak gores you but does no damage. x2
You barely miss the yak.
The yak is severely wounded.
You hit the yak but do no damage. x2; You slash the yak!
The yak gores you! x2; The yak gores you but does no damage. x4
You block the yak's attack. The yak gores you.
7729 ||| READING 5 scrolls of teleportation.
As you read the scroll of teleportation, it crumbles to dust.
You feel strangely unstable. The yak barely misses you.
You block the yak's attack. x2; The yak gores you!
You die...

........#####
.....(...........#...#
#................#.#'#
#................#....
#....."..........#....
#................#....
#................##...
#...%YY.!........##...
#...Y@Y..........##...
#................##...
#................##...
#........#.########...
#........#.# #...
##########.# #...
#.###########
#.......(....
#############


You could see 4 yaks.

Vanquished Creatures
  Grinder (D:3)
  Sigmund (D:6)
  A yak (D:9)
  7 steam dragons
  4 water moccasins
  An acid dragon (D:8)
  Duvessa (D:4)
  2 ice beasts (D:7)
  A black bear (D:7)
  2 ogres
  A centaur (D:7)
  A kobold brigand (D:5)
  4 bullfrogs
  A gnoll sergeant (D:7)
  2 scorpions (D:4)
  9 wights (D:8)
  Dowan (D:4)
  A howler monkey (D:8)
  3 hounds (D:5)
  3 jellies
  4 iguanas
  3 orc priests
  4 sleepcaps
  3 orc wizards
  A hound zombie (D:3)
  14 mummies (Ossuary)
  7 gnolls
  10 adders
  An adder zombie (D:3)
  5 worms
  2 dart slugs
  18 orcs
  13 ball pythons
  5 bats
  8 endoplasms
  4 giant cockroaches
  10 goblins
  4 hobgoblins
  14 kobolds
  4 quokkas
  A ball python zombie (D:3)
  3 frilled lizards
  3 gnoll skeletons (Ossuary)
  3 kobold skeletons (Ossuary)
  2 orc skeletons (Ossuary)
  A quokka zombie (D:3)
  6 rats
  11 rat skeletons (Ossuary)
211 creatures vanquished.

Notes
Turn   | Place    | Note
-------+----------+-------------------------------------------
     0 | D:1      | qw the Gargoyle Fighter began the quest for the Orb.
     0 | D:1      | Reached XP level 1. HP: 14/14 MP: 1/1
     0 | D:1      | 0 ||| qw: Version: 0.2-a-92-gf946c9c
     0 | D:1      | 0 ||| qw: Game counter: 15
     0 | D:1      | 0 ||| qw: Always use a shield: true
     0 | D:1      | 0 ||| qw: God list: Okawaru
     0 | D:1      | 0 ||| qw: Allow faded altars: false
     0 | D:1      | 0 ||| qw: Do Orc after D:15 true
     0 | D:1      | 0 ||| qw: Do second Lair branch before Depths: true
     0 | D:1      | 0 ||| qw: Lair rune preference: random
     0 | D:1      | 0 ||| qw: Plans: Normal, Zot:1-4, God:TSO, Crypt, Tomb,
                  | Pan, Slime:5, Hells, Abyss, Win
     0 | D:1      | 0 ||| PLANNING D:1-11
   124 | D:1      | 124 ||| Stepping ~*~*~tactically~*~*~ (stealth).
   141 | D:1      | 141 ||| Stepping ~*~*~tactically~*~*~ (stealth).
   143 | D:1      | 143 ||| Stepping ~*~*~tactically~*~*~ (hiding).
   156 | D:1      | Reached XP level 2. HP: 15/19 MP: 2/2
   221 | D:1      | 221 ||| DROPPING +0 club.
   816 | D:1      | 816 ||| READING scroll labelled XUFEUN JUIB.
   900 | D:2      | Reached skill level 3 in Axes
   900 | D:2      | Reached XP level 3. HP: 19/23 MP: 3/3
  1028 | D:2      | 1028 ||| Stepping ~*~*~tactically~*~*~ (hiding).
  1049 | D:2      | Reached XP level 4. HP: 10/28 MP: 4/4
  1123 | D:2      | 1123 ||| DROPPING +0 whip.
  1622 | D:2      | 1622 ||| READING scroll labelled ZIOGEC GEDIULU.
  1626 | D:2      | 1626 ||| READING scroll labelled JAOTHR JECWYLUE.
  1742 | D:3      | Reached XP level 5. HP: 32/32 MP: 5/5
  1754 | D:3      | 1754 ||| Stepping ~*~*~tactically~*~*~ (hiding).
  1790 | D:3      | Found a basalt altar of Yredelemnul.
  1828 | D:3      | 1828 ||| Stepping ~*~*~tactically~*~*~ (stealth).
  1969 | D:3      | 1969 ||| Stepping ~*~*~tactically~*~*~ (stealth).
  1972 | D:3      | 1972 ||| Stepping ~*~*~tactically~*~*~ (stealth).
  1974 | D:3      | 1974 ||| Stepping ~*~*~tactically~*~*~ (stealth).
  1975 | D:3      | 1975 ||| Stepping ~*~*~tactically~*~*~ (stealth).
  2014 | D:3      | 2014 ||| Stepping ~*~*~tactically~*~*~ (stealth).
  2019 | D:3      | 2019 ||| Stepping ~*~*~tactically~*~*~ (stealth).
  2079 | D:3      | Found a shadowy altar of Dithmenos.
  2178 | D:3      | 2178 ||| Stepping ~*~*~tactically~*~*~ (stealth).
  2223 | D:3      | Noticed Grinder
  2225 | D:3      | 2225 ||| Stepping ~*~*~tactically~*~*~ (hiding).
  2230 | D:3      | Killed Grinder
  2231 | D:3      | Reached XP level 6. HP: 36/38 MP: 6/6
  2352 | D:3      | Found a sparkling altar of Nemelex Xobeh.
  2436 | D:3      | 2436 ||| UPGRADING to +0 pair of gloves.
  2441 | D:3      | 2441 ||| UPGRADING to amulet of guardian spirit.
  2446 | D:3      | 2446 ||| READING scroll labelled SOAXTOIR XUONTE.
  2447 | D:3      | 2447 ||| READING 2 scrolls of identify.
  2447 | D:3      | 2447 ||| IDENTIFYING brown potion
  2448 | D:3      | 2448 ||| DROPPING potion of magic.
  2484 | D:4      | 2484 ||| STAIRDANCE
  2488 | D:3      | Reached XP level 7. HP: 40/43 MP: 7/7
  2521 | D:4      | Noticed Dowan
  2525 | D:4      | Noticed Duvessa
  2527 | D:4      | 2527 ||| Stepping ~*~*~tactically~*~*~ (hiding).
  2538 | D:4      | Killed Dowan
  2546 | D:4      | Killed Duvessa
  2547 | D:4      | Reached skill level 6 in Axes
  2868 | D:4      | Found a white marble altar of Elyvilon.
  3348 | D:4      | Reached XP level 8. HP: 28/48 MP: 4/8
  3426 | D:4      | 3426 ||| UPGRADING to +0 chain mail.
  3436 | D:4      | 3436 ||| DROPPING +0 scale mail.
  3437 | D:4      | 3437 ||| UPGRADING to +0 helmet.
  3442 | D:4      | 3442 ||| UPGRADING to ring of protection from fire.
  3443 | D:4      | 3443 ||| DRINKING 2 sapphire potions.
  3444 | D:4      | 3444 ||| DRINKING 2 fizzy clear potions.
  3468 | D:5      | Entered Level 5 of the Dungeon
  3525 | D:5      | 3525 ||| Stepping ~*~*~tactically~*~*~ (hiding).
  3591 | D:5      | Reached skill level 1 in Throwing
  3782 | D:5      | 3782 ||| Stepping ~*~*~tactically~*~*~ (hiding).
  4324 | D:5      | 4324 ||| UPGRADING to +0 kite shield.
  4334 | D:5      | 4334 ||| DROPPING +0 buckler.
  4335 | D:5      | 4335 ||| READING scroll labelled CAPRUZXAON.
  4336 | D:5      | 4336 ||| READING scroll labelled VEXARIXTIR.
  4337 | D:5      | 4337 ||| DRINKING 2 puce potions.
  4338 | D:5      | 4338 ||| READING 3 scrolls of identify.
  4338 | D:5      | 4338 ||| IDENTIFYING grey potion
  4339 | D:5      | 4339 ||| READING 2 scrolls of identify.
  4339 | D:5      | 4339 ||| IDENTIFYING purple potion
  4340 | D:5      | 4340 ||| DROPPING potion of brilliance.
  4341 | D:5      | 4341 ||| DROPPING potion of degeneration.
  4381 | D:6      | 4381 ||| PLANNING OSSUARY
  4426 | D:6      | Found a radiant altar of Vehumet.
  4589 | D:6      | Noticed Sigmund
  4590 | D:6      | 4590 ||| Stepping ~*~*~tactically~*~*~ (hiding).
  4592 | D:6      | 4592 ||| Stepping ~*~*~tactically~*~*~ (hiding).
  4595 | D:6      | 4595 ||| Stepping ~*~*~tactically~*~*~ (hiding).
  4602 | D:6      | Killed Sigmund
  4603 | D:6      | Reached XP level 9. HP: 48/54 MP: 7/9
  4639 | D:6      | 4639 ||| DRINKING 2 silvery potions.
  4645 | D:6      | Reached skill level 6 in Shields
  4707 | D:6      | Found a staircase to the Ecumenical Temple.
  4785 | D:6      | Found a sand-covered staircase.
  4786 | D:6      | 4786 ||| READING 2 scrolls of identify.
  4786 | D:6      | 4786 ||| IDENTIFYING glowing orange potion
  4787 | D:6      | 4787 ||| DROPPING potion of flight.
  4797 | Ossuary  | Entered an ossuary
  5301 | Ossuary  | 5301 ||| READING scroll labelled MAYZAN TOIRAURPH.
  5302 | Ossuary  | 5302 ||| READING scroll labelled XYATHA VISTERIOQO.
  5303 | Ossuary  | 5303 ||| READING scroll labelled QAJUCVOKER.
  5304 | Ossuary  | 5304 ||| READING scroll labelled VOINGU NOEZYOXT.
  5305 | Ossuary  | 5305 ||| DRINKING 2 murky yellow potions.
  5305 | Ossuary  | Gained mutation: You are strong-willed. (Will+) [potion of
                  | mutation]
  5305 | Ossuary  | Gained mutation: Armour fits poorly on your strangely
                  | shaped body. [potion of mutation]
  5306 | Ossuary  | 5306 ||| DRINKING potion of mutation.
  5306 | Ossuary  | Lost mutation: Armour fits poorly on your strangely shaped
                  | body. [potion of mutation]
  5306 | Ossuary  | Lost mutation: You are strong-willed. (Will+) [potion of
                  | mutation]
  5306 | Ossuary  | Gained mutation: You possess an exceptional clarity of
                  | mind. [potion of mutation]
  5307 | Ossuary  | 5307 ||| DRINKING 3 fuming cyan potions.
  5362 | Ossuary  | 5362 ||| DRINKING 2 fuming dark potions.
  5363 | Ossuary  | 5363 ||| DRINKING 2 potions of curing.
  5363 | Ossuary  | 5363 ||| (to cure confusion)
  5364 | Ossuary  | 5364 ||| READING 2 scrolls of identify.
  5364 | Ossuary  | 5364 ||| IDENTIFYING golden potion
  5365 | Ossuary  | 5365 ||| DROPPING potion of berserk rage.
  5366 | Ossuary  | 5366 ||| DROPPING potion of ambrosia.
  5378 | D:6      | 5378 ||| PLANNING TEMPLE
  5426 | Temple   | Entered the Ecumenical Temple
  5426 | Temple   | Found a transporter.
  5426 | Temple   | Found a transporter.
  5428 | Temple   | Found a transporter.
  5428 | Temple   | Found a transporter.
  5438 | Temple   | 5438 ||| PLANNING D:1-11
  5833 | D:7      | Reached skill level 6 in Fighting
  6079 | D:7      | Found a flagged portal.
  6192 | D:7      | Found a shimmering altar of Xom.
  6203 | D:7      | Found a broken altar of Ashenzari.
  6269 | D:7      | 6269 ||| Stepping ~*~*~tactically~*~*~ (hiding).
  6518 | D:7      | Reached skill level 9 in Axes
  6677 | D:7      | 6677 ||| UPGRADING to +0 cloak.
  6682 | D:7      | 6682 ||| READING scroll labelled YPTOCYFFOD.
  6683 | D:7      | 6683 ||| READING scroll labelled ITHROF KAFODD.
  6684 | D:7      | 6684 ||| READING 2 scrolls of identify.
  6684 | D:7      | 6684 ||| IDENTIFYING clear potion
  6736 | D:8      | Reached XP level 10. HP: 58/60 MP: 10/10
  6783 | D:8      | 6783 ||| Stepping ~*~*~tactically~*~*~ (stealth).
  6784 | D:8      | 6784 ||| Stepping ~*~*~tactically~*~*~ (stealth).
  7079 | D:8      | 7079 ||| DROPPING +0 flail.
  7168 | D:8      | Found a sacrificial altar of Ru.
  7187 | D:8      | 7187 ||| Stepping ~*~*~tactically~*~*~ (stealth).
  7189 | D:8      | 7189 ||| Stepping ~*~*~tactically~*~*~ (hiding).
  7190 | D:8      | 7190 ||| Stepping ~*~*~tactically~*~*~ (hiding).
  7229 | D:8      | Reached skill level 9 in Shields
  7546 | D:8      | 7546 ||| READING scroll labelled NUHOJ WY GIOS.
  7605 | D:9      | Found an ancient bone altar of Kikubaaqudgha.
  7609 | D:9      | Found a snail-covered altar of Cheibriados.
  7728 | D:9      | HP: 9/63 [yak (7)]
  7728 | D:9      | HP: 4/63 [yak (5)]
  7729 | D:9      | 7729 ||| READING 5 scrolls of teleportation.
  7729 | D:9      | Slain by a yak

Levels and vault maps discovered:
D:1:      sevenhm_arrival_forest_fort_small_5, layout_loops_ring,
          hangedman_glass_teeth
D:2:      layout_basic, interstate_on_off
D:3:      layout_rooms, mainiacjoe_overflow_six_doors_small,
          nicolae_yredelemnul_corpse_copse, nemelex_dance_club_becter,
          minmay_fractal_squares_5, uniq_grinder
D:4:      layout_gridville, amcnicky_altar_gilded, uniq_duvessa
D:5:      layout_basic, grunt_decor_arrowhead, kennysheep_generic_room_8
D:6:      layout_basic, lemuel_crystal_altar,
          minmay_temple_entry_statues_fountains,
          lightli_ossuary_entry_decrepit_ruins, serial_glass, glass_columns_c,
          glass_columns_b, feat_on_display, uniq_sigmund
D:7:      layout_gridville, amethyst_overflow_temple_binary, enter_bailey_2,
          kennysheep_generic_room_5
D:8:      layout_gridville, mainiacjoe_overflow_concentric_impassable
D:9:      layout_basic, pf_just_have_faith, grunt_temple_overflow_open,
          nicolae_water_bricks, nicolae_alphabet_shops,
          hangedman_decor_diamond_cutter
Temple:   hellmonk_temple_divided_pantheon

Skill      XL: |  1  2  3  4  5  6  7  8  9 10 |
---------------+-------------------------------+-----
Axes           | 2 3 4 5 7 8 9 |  9.3
Fighting       | 4 5 6 7 |  7.0
Dodging        | 2 |  2.9
Throwing       | 1 2 |  2.1
Armour         | 4 5 |  5.3
Shields        | 5 8 9 |  9.0

Action                     |  1- 3 |  4- 6 |  7- 9 | 10-12 || total
---------------------------+-------+-------+-------+-------++-------
  Melee: War axe           |    89 |   159 |   394 |   100 ||   742
  Throw: Boomerang         |       |       |    71 |    13 ||    84
         Javelin           |       |       |    24 |    11 ||    35
    Use: Scroll            |     1 |     4 |    13 |     2 ||    20
         Potion            |       |       |     9 |       ||     9
   Stab: Distracted        |       |       |       |     1 ||     1
 Armour: Scale mail        |    36 |    83 |    34 |       ||   153
         Chain mail        |       |       |   140 |    55 ||   195
  Dodge: Dodged            |    33 |    74 |   112 |    33 ||   252
  Block: Buckler           |    17 |    23 |    30 |       ||    70
         Kite shield       |       |       |    78 |    56 ||   134

Table legend:
 A = Non-vault XP
 B = Vault XP
 C = Vault XP percentage of total XP
 D = Non-vault monster count
 E = Vault monster count
 F = Vault count percentage of total count
                 A         B        C        D         E       F
            +---------+---------+-------+---------+---------+-------
      Total |    5403 |    1183 |  18.0 |     159 |      52 |  24.6
            +---------+---------+-------+---------+---------+-------
        D:1 |      27 |       0 |   0.0 |      17 |       0 |   0.0
        D:2 |     124 |       0 |   0.0 |      26 |       0 |   0.0
        D:3 |     157 |     310 |  66.4 |      20 |      14 |  41.2
        D:4 |     460 |     212 |  31.5 |      23 |       2 |   8.0
        D:5 |     666 |      40 |   5.7 |      22 |       1 |   4.3
        D:6 |     454 |     223 |  32.9 |       6 |       1 |  14.3
        D:7 |    1486 |     129 |   8.0 |      20 |       1 |   4.8
        D:8 |    1830 |       0 |   0.0 |      24 |       0 |   0.0
        D:9 |     199 |       0 |   0.0 |       1 |       0 |   0.0
    Ossuary |       0 |     269 | 100.0 |       0 |      33 | 100.0
            +---------+---------+-------+---------+---------+-------
